[Event "Early-Titled-Tuesday-Blitz-June-18-2024"]
[Site "Chess.com"]
[Date "2024.06.18"]
[Round "11"]
[White "XDPS"]
[Black "Gnechko_Ruslan"]
[Result "1-0"]
[WhiteElo "2882"]
[BlackElo "2594"]
[TimeControl "180+1"]
[EndTime "10:06:36 PDT"]
[Termination "XDPS won by resignation"]

1. d4 d5 2. Nf3 Nf6 3. Bf4 c5 4. e3 Nc6 5. Nbd2 cxd4 6. exd4 Bg4 7. c3 e6 8. Qb3 Qc8 9. Bd3 Be7 10. O-O O-O 11. Rfe1 Bh5 12. h3 a6 13. Rac1 b5 14. a3 Na5 15. Qc2 Bg6 16. Bxg6 hxg6 17. Ne5 Nc4 18.
Ndf3 Ne4 19. Nd3 a5 20. a4 b4 21. cxb4 axb4 22. b3 Ncd6 23. Nc5 Nc3 24. Ne5 Nf5 25. Qd3 Nxd4 26. Qxd4 Bxc5 27. Qd3 Qb7 28. Bd2 Rac8 29. Bxc3 bxc3 30. Rxc3 Bb4 31. Rxc8 Rxc8 32. Re3 Rc1+ 33. Kh2 Bd6 34. f4 Bc5 35. Re2 Bg1+ 36.
Kg3 Qe7 37. Rc2 Re1 38. Rc8+ Kh7 39. Nf3 Re3 40. Qxe3 Bxe3 41. Ng5+ 1-0

[Event "Early-Titled-Tuesday-Blitz-June-18-2024"]
[Site "Chess.com"]
[Date "2024.06.18"]
[Round "11"]
[White "chess123456s"]
[Black "Abund"]
[Result "1-0"]
[WhiteElo "2619"]
[BlackElo "2699"]
[TimeControl "180+1"]
[EndTime "10:06:36 PDT"]
[Termination "chess123456s won on time"]

1. e4 e5 2. Nf3 Nc6 3. Bb5 a6 4. Ba4 Nf6 5. d3 b5 6. Bb3 Bc5 7. Nc3 O-O 8. Nd5 h6 9. c3 Na5 10. Bc2 Nxd5 11. exd5 Bd6 12. O-O c6 13. d4 exd4 14. Nxd4 Be5 15. Nf5 d6 16. Qg4 Bxf5 17.
Bxf5 Qf6 18. f4 Bxc3 19. bxc3 Qxc3 20. Rb1 Nc4 21. dxc6 Ra7 22. Bd7 Qd4+ 23. Kh1 Qd3 24. Bb2 Nxb2 25. Rfe1 1-0

[Event "Early-Titled-Tuesday-Blitz-June-18-2024"]
[Site "Chess.com"]
[Date "2024.06.18"]
[Round "11"]
[White "NigiriSushies"]
[Black "Fore_Man"]
[Result "0-1"]
[WhiteElo "2290"]
[BlackElo "2185"]
[TimeControl "180+1"]
[EndTime "10:06:36 PDT"]
[Termination "Fore_Man won on time"]

1. c4 c5 2. g3 Nf6 3. Bg2 d5 4. cxd5 Nxd5 5. Nc3 Nc7 6. Nf3 Nc6 7. O-O e5 8. e3 Be7 9. a3 O-O 10. Qc2 Rb8 11.
Ne4 b6 12. d4 exd4 13. exd4 Nxd4 14. Nxd4 cxd4 15. Bf4 Ba6 16. Bxc7 Rc8 17. Rfc1 Qd7 18. h4 d3 19. Qc3 Bd8 20. Qe5 Rxc7 21. Rxc7 Bxc7 22.
Qg5 Qd4 23. Rc1 Be5 24. h5 h6 25. Qg4 Qxb2 26. Rc6 d2 27. Kh2 Qd4 28. Qf5 d1=Q 29. Ng5 Qh4+ 0-1

[Event "Early-Titled-Tuesday-Blitz-June-18-2024"]
[Site "Chess.com"]
[Date "2024.06.18"]
[Round "11"]
[White "SALVA-DALI"]
[Black "subham777"]
[Result "0-1"]
[WhiteElo "2750"]
[BlackElo "2609"]
[TimeControl "180+1"]
[EndTime "10:06:39 PDT"]
[Termination "subham777 won by resignation"]

1. e4 e6 2. Nc3 d5 3. Qe2 Ne7 4.
Nf3 c5 5. g3 Nbc6 6. d3 g6 7.
Bg2 Bg7 8. O-O O-O 9. e5 Qc7 10. Bf4 a6 11. a4 Nf5 12. Qd2 Nxe5 13. Nxe5 Bxe5 14. Bxe5 Qxe5 15. Rae1 Qc7 16. h4 h5 17. Qg5 Qe7 18. Qf4 Qd6 19. Re5 Ng7 20. Rfe1 Bd7 21. Qf6 Ne8 22. Qf4 f6 23. R5e2 Qxf4 24. gxf4 Ng7 25.
Bh3 Nf5 26. Bxf5 gxf5 27. f3 Kf7 28. Rg2 Rg8 29. Rxg8 Rxg8+ 30. Kf2 d4 31. Ne2 Bxa4 32. b3 Bc6 33. Ng3 Rh8 34. Ra1 Kg6 35. Rg1 Kf7 36.
Ra1 Ra8 37. Kg1 a5 38. Kf2 b5 39. Rg1 a4 40. bxa4 bxa4 41. Nxh5 a3 42. Ng3 a2 43. Ra1 Bd5 44. Nf1 Rb8 45. Nd2 Rb2 46. Ke2 Rxc2 47. Kd1 Rb2 48. Kc1 Rb8 49. Nc4 Rb1+ 50. Rxb1 axb1=Q+ 51. Kxb1 Bxc4 0-1

[Event "Early-Titled-Tuesday-Blitz-June-18-2024"]
[Site "Chess.com"]
[Date "2024.06.18"]
[Round "11"]
[White "Boudicca64"]
[Black "Hirna2005"]
[Result "0-1"]
[WhiteElo "1882"]
[BlackElo "2289"]
[TimeControl "180+1"]
[EndTime "10:06:39 PDT"]
[Termination "Hirna2005 won on time"]

1. e4 g6 2. d4 Bg7 3. c4 d6 4.
f4 Nc6 5. Be3 e5 6. fxe5 dxe5 7.
d5 Qh4+ 8. Bf2 Qxe4+ 9. Qe2 Qxe2+ 10. Nxe2 Nb4 11. Kd2 Bf5 12. Na3 Nd3 13. Be3 Nxb2 14. g4 Be4 15. Rg1 O-O-O 16. Nc3 Bf3 17. Rb1 Nxc4+ 18.
Nxc4 Ne7 19. Be2 Bxe2 20. Kxe2 Nxd5 21. Nxd5 Rxd5 22. Rgd1 Rxd1 23. Rxd1 a6 24. a4 Rd8 25. Rxd8+ Kxd8 26. a5 Kd7 27. Kd3 f5 28. gxf5 gxf5 29.
Bc5 Kc6 30. Be7 e4+ 31. Ke3 Kd5 32. Na3 Bh6+ 33. Ke2 f4 34. h4 Bg7 0-1

[Event "Early-Titled-Tuesday-Blitz-June-18-2024"]
[Site "Chess.com"]
[Date "2024.06.18"]
[Round "11"]
[White "Naruto75_3"]
[Black "Losingexperience"]
[Result "1-0"]
[WhiteElo "2552"]
[BlackElo "2755"]
[TimeControl "180+1"]
[EndTime "10:06:42 PDT"]
[Termination "Naruto75_3 won by resignation"]

1. d4 Nf6 2. c4 e6 3. Nc3 Bb4 4. Qc2 O-O 5. f3 d5 6. Bg5 Bxc3+ 7. bxc3 h6 8. Bh4 c5 9. e3 Nc6 10. cxd5 exd5 11. Bd3 Re8 12. Ne2 Rxe3 13. Bf2 Re8 14. dxc5 Ne5 15. O-O Nxd3 16. Qxd3 Bf5 17. Qxf5 Rxe2 18.
Bd4 Qd7 19. Qxd7 Nxd7 20. Rfe1 Rxe1+ 21. Rxe1 Rc8 22. c6 bxc6 23. Re7 Rc7 24. Re8+ Kh7 25. Re7 Kg6 26. h4 h5 27. g4 hxg4 28. fxg4 f6 29. h5+ Kh6 30. Be3+ Kh7 31. h6 Rb7 32. Rxg7+ Kh8 33.
Bd4 Rb1+ 34. Kg2 Ne5 35. g5 1-0

[Event "Early-Titled-Tuesday-Blitz-June-18-2024"]
[Site "Chess.com"]
[Date "2024.06.18"]
[Round "11"]
[White "ATM622"]
[Black "salomez"]
[Result "1-0"]
[WhiteElo "2533"]
[BlackElo "2364"]
[TimeControl "180+1"]
[EndTime "10:06:43 PDT"]
[Termination "ATM622 won on time"]

1. d4 Nf6 2. c4 g6 3. g3 Bg7 4.
Bg2 d6 5. Nf3 O-O 6. O-O c5 7.
Nc3 Nc6 8. d5 Na5 9. Qd3 a6 10.
a4 Nb3 11. Ra3 Nxc1 12. Rxc1 Bf5 13. e4 Bg4 14. h3 Bd7 15. Re1 Qc8 16. Kh2 Ne8 17.
a5 Rb8 18. e5 dxe5 19. Nxe5 Bf5 20. Qe2 Nd6 21. Na4 Bxe5 22. Nb6 Bxg3+ 23. fxg3 Qc7 24. Qxe7 Qxe7 25. Rxe7 Rfe8 26. Rxe8+ Rxe8 27. g4 Bb1 28. Bf3 Re1 29. Kg3 Be4 30. Kf2 Rc1 31. Bxe4 Nxe4+ 32. Ke3 f5 33. gxf5 gxf5 34. Kf4 Nd6 35. Rc3 Rxc3 36.
bxc3 Kf7 37. Ke5 Ke7 38. Kf4 Kf6 39. Nd7+ Ke7 40. Nxc5 Nxc4 41. Nxb7 1-0

[Event "Early-Titled-Tuesday-Blitz-June-18-2024"]
[Site "Chess.com"]
[Date "2024.06.18"]
[Round "11"]
[White "CSB7"]
[Black "GHANDEEVAM2003"]
[Result "0-1"]
[WhiteElo "2762"]
[BlackElo "2981"]
[TimeControl "180+1"]
[EndTime "10:06:44 PDT"]
[Termination "GHANDEEVAM2003 won on time"]

1. e4 d6 2. d4 g6 3. Nc3 a6 4. f4 b5 5. Nf3 Bb7 6. Bd3 b4 7.
Ne2 Bg7 8. O-O Nf6 9. e5 Nd5 10. c4 bxc3 11. bxc3 Nd7 12. Rb1 N5b6 13. c4 Bxf3 14.
Rxf3 c5 15. exd6 exd6 16. Re3+ Kf8 17. d5 Qc7 18. Kh1 Re8 19. Rxe8+ Kxe8 20. Ng3 f5 21. a4 Kf7 22. a5 Nc8 23. Bxf5 gxf5 24. Qh5+ Kf8 25.
Nxf5 Nf6 26. Qh4 Ne8 27. Nxg7 Qxg7 28. Bb2 Qg6 29. Re1 Rg8 30. Qh3 Ne7 31. f5 Qg5 32. f6 Nf5 33. f7 Kxf7 34. Rf1 Kg6 35. g4 Ne3 36. Re1 Nxg4 37. Re6+ Nef6 38. Qd3+ Qf5 39.
Qe2 Kf7 40. Re7+ Kf8 41. Re6 Qb1+ 0-1

[Event "Early-Titled-Tuesday-Blitz-June-18-2024"]
[Site "Chess.com"]
[Date "2024.06.18"]
[Round "11"]
[White "Msb2"]
[Black "Sam_ChessMood"]
[Result "1-0"]
[WhiteElo "3070"]
[BlackElo "2945"]
[TimeControl "180+1"]
[EndTime "10:06:45 PDT"]
[Termination "Msb2 won by resignation"]

1. d4 Nf6 2. c4 e6 3. Nc3 Bb4 4. e3 O-O 5. Bd2 d5 6. Nf3 Nbd7 7. a3 Be7 8. cxd5 exd5 9. Bd3 c6 10. Qc2 Bd6 11. O-O Re8 12. Rfe1 h6 13. h3 a5 14. Re2 Nf8 15. Rae1 b5 16. e4 b4 17. e5 bxc3 18.
Bxc3 Ba6 19. Bxa6 Rxa6 20. exf6 Re6 21. fxg7 Kxg7 22. Ne5 Bxe5 23. dxe5 d4 24. Qd3 c5 25.
f4 Qd5 26. f5 Reb6 27. Re4 Qb3 28. Rg4+ Kh7 29. Qg3 Ng6 30. e6 dxc3 31. fxg6+ fxg6 32. Qc7+ 1-0

[Event "Early-Titled-Tuesday-Blitz-June-18-2024"]
[Site "Chess.com"]
[Date "2024.06.18"]
[Round "11"]
[White "kingnb"]
[Black "the_chess_child"]
[Result "0-1"]
[WhiteElo "2694"]
[BlackElo "2865"]
[TimeControl "180+1"]
[EndTime "10:06:45 PDT"]
[Termination "the_chess_child won by resignation"]

1. d4 Nf6 2. Nf3 g6 3. Bg5 Bg7 4. Nbd2 O-O 5. e4 d6 6. Bc4 h6 7. Bxf6 Bxf6 8. O-O e5 9. dxe5 dxe5 10. c3 c6 11. Re1 Qc7 12. a4 a5 13. Nf1 Kg7 14. h4 h5 15. Ng3 Bg4 16. Be2 Bxf3 17. Bxf3 Bxh4 18. Nf1 Rd8 19. Qb3 Na6 20. Ne3 Nc5 21. Qc2 Nd3 22. Rf1 Qb6 23. Nc4 Qc5 24. b3 Rd7 25.
Rad1 Rad8 26. Rd2 b5 27. axb5 cxb5 28. Nxa5 Nxf2 29. Rxd7 Ng4+ 30. Kh1 Rxd7 31. Bxg4 hxg4 32. Qe2 Rd8 33. Qxg4 Rh8 34. Rf3 Bg3+ 0-1

[Event "Early-Titled-Tuesday-Blitz-June-18-2024"]
[Site "Chess.com"]
[Date "2024.06.18"]
[Round "11"]
[White "Orest_Vovk"]
[Black "GoltsevDmitry2000"]
[Result "0-1"]
[WhiteElo "2556"]
[BlackElo "2709"]
[TimeControl "180+1"]
[EndTime "10:06:47 PDT"]
[Termination "GoltsevDmitry2000 won on time"]

1. h4 e5 2. h5 d5 3. h6 Nxh6 4. d4 e4 5. Bxh6 gxh6 6. e3 c6 7. c4 Nd7 8. Nc3 Nf6 9. Qb3 Qb6 10. cxd5 Qxb3 11. axb3 Nxd5 12. Nxd5 cxd5 13. Bb5+ Kd8 14. Ne2 a6 15. Nf4 Be6 16. Be2 Bb4+ 17. Kd1 Bf8 18. Rh5 Rg8 19. g3 Rg5 20. Nxe6+ fxe6 21. Rc1 Kd7 22. Rc2 Bg7 23. Rxg5 hxg5 24. Bg4 Bf8 25.
Ke2 Bb4 26. Rc1 h6 27. Rh1 Bf8 28. Rc1 Bg7 29. Rc2 Rh8 30. Bh5 Rf8 31. Bg4 Kd6 32. b4 Rh8 33. Bh5 e5 34. dxe5+ Bxe5 35. b5 axb5 36. b3 Ra8 37. Bf7 Ra3 38. Rd2 d4 39.
exd4 Bf6 40. Rd1 Ra2+ 41. Rd2 Rxd2+ 42. Kxd2 Bxd4 43. Ke2 Kc5 44. g4 Kd6 45. Bg6 Ke5 46. f3 e3 47. Kd3 Kf4 48. Ke2 b4 49. Be4 h5 50. gxh5 g4 51. Bxb7 g3 52. Kf1 g2+ 53.
Kxg2 e2 0-1

[Event "Early-Titled-Tuesday-Blitz-June-18-2024"]
[Site "Chess.com"]
[Date "2024.06.18"]
[Round "11"]
[White "szefru"]
[Black "pospisku"]
[Result "0-1"]
[WhiteElo "2333"]
[BlackElo "2544"]
[TimeControl "180+1"]
[EndTime "10:06:49 PDT"]
[Termination "pospisku won by resignation"]

1. e4 c5 2. Nf3 Nc6 3. Bb5 e6 4.
O-O Nge7 5. b3 a6 6. Be2 Ng6 7. Bb2 e5 8. a4 Be7 9. Bc4 O-O 10. Nc3 d6 11. Nd5 Rb8 12. Re1 Kh8 13. c3 f5 14.
Nxe7 Qxe7 15. exf5 Bxf5 16. d4 Bg4 17. Be2 Nf4 18.
dxe5 Nxe2+ 19. Qxe2 Nxe5 20. Kh1 Qf7 21. c4 Nxf3 22. Qe4 Nxe1 23. Qxg4 Nd3 0-1

[Event "Early-Titled-Tuesday-Blitz-June-18-2024"]
[Site "Chess.com"]
[Date "2024.06.18"]
[Round "11"]
[White "LLariMarc"]
[Black "MaestroCheck"]
[Result "0-1"]
[WhiteElo "2485"]
[BlackElo "2625"]
[TimeControl "180+1"]
[EndTime "10:06:53 PDT"]
[Termination "MaestroCheck won by resignation"]

1. b3 Nf6 2. Bb2 d5 3. g3 Bf5 4. d3 e6 5. Bg2 Be7 6. Nd2 h6 7.
e3 O-O 8. Ne2 c5 9. h3 Nc6 10. O-O Rc8 11. a3 Bh7 12. f4 b5 13.
g4 c4 14. bxc4 bxc4 15. dxc4 Na5 16. cxd5 Bxc2 17. Qe1 Nxd5 18. Bd4 Bh4 19. Ng3 Bd3 20. Rf3 Rc2 21. Ndf1 Nb3 22. Rd1 Be2 23. Qxe2 Rxe2 24.
Nxe2 Nxd4 25. Nxd4 Qb6 26. Kh2 Bf6 27. Ne2 Qa6 28.
Nfg3 Qa4 29. e4 Qxd1 30. exd5 exd5 31. Rf1 Qd2 32. Ng1 d4 33. Ne4 Qe3 34. Rd1 Qxf4+ 35.
Kh1 Be5 36. Nf3 Qxe4 37. Nxd4 Qf4 38. Nf3 Bd6 39. Rd4 Qc1+ 40. Ng1 Bc5 0-1

[Event "Early-Titled-Tuesday-Blitz-June-18-2024"]
[Site "Chess.com"]
[Date "2024.06.18"]
[Round "11"]
[White "ural58"]
[Black "Viktor_Poddubnyi"]
[Result "0-1"]
[WhiteElo "2398"]
[BlackElo "2332"]
[TimeControl "180+1"]
[EndTime "10:06:54 PDT"]
[Termination "Viktor_Poddubnyi won on time"]

1. e4 g6 2. d4 Bg7 3. Nc3 d6 4.
Be3 a6 5. Nf3 b5 6. Qd2 Bb7 7. Bd3 Nd7 8. h4 c5 9. h5 gxh5 10.
O-O-O Ngf6 11. e5 cxd4 12. Bxd4 dxe5 13. Nxe5 Ng4 14. Nc6 Bxc6 15. Bxg7 Rg8 16. f3 Rxg7 17. fxg4 hxg4 0-1

[Event "Early-Titled-Tuesday-Blitz-June-18-2024"]
[Site "Chess.com"]
[Date "2024.06.18"]
[Round "11"]
[White "HelenaWalker2912"]
[Black "Kostukov_Alex"]
[Result "0-1"]
[WhiteElo "2385"]
[BlackElo "2318"]
[TimeControl "180+1"]
[EndTime "10:06:56 PDT"]
[Termination "Kostukov_Alex won by resignation"]

1. d4 g6 2. c4 Bg7 3. Nc3 d6 4. e4 e5 5. d5 f5 6. exf5 gxf5 7.
Qh5+ Kf8 8. Bd3 Nf6 9. Qh4 Qe7 10. Bh6 Bxh6 11. Qxh6+ Qg7 12. Qxg7+ Kxg7 13. f4 e4 14. Bc2 a5 15. Nge2 Na6 16. O-O-O Bd7 17. Nd4 Kf7 18. Ba4 Bxa4 19. Nxa4 Ng4 20. Rd2 Kg6 21.
Ne6 h5 22. b3 Rh7 23. Nb2 b6 24. h3 Nf6 25. Nd1 Nc5 26. Nxc5 bxc5 27. Ne3 h4 28.
Kc2 Nh5 29. Rf2 Kf6 30. Kc3 Rg7 31. Re1 Rg3 32. Kd2 a4 33. Rb1 axb3 34. axb3 Ra2+ 35. Ke1 Rxe3+ 36. Kf1 Ng3+ 0-1

[Event "Early-Titled-Tuesday-Blitz-June-18-2024"]
[Site "Chess.com"]
[Date "2024.06.18"]
[Round "11"]
[White "Crazy_girl99"]
[Black "Gryffindorac8"]
[Result "1-0"]
[WhiteElo "2613"]
[BlackElo "2483"]
[TimeControl "180+1"]
[EndTime "10:06:58 PDT"]
[Termination "Crazy_girl99 won on time"]

1. e4 c5 2. Nf3 d6 3. d4 cxd4 4.
Nxd4 Nf6 5. Nc3 a6 6. h3 e5 7.
Nde2 h5 8. g3 Be7 9. Bg2 Be6 10.
Be3 Nbd7 11. O-O h4 12. g4 Rc8 13. a4 Qc7 14. b3 Nh7 15. Qd2 Nhf8 16. Rac1 Ng6 17.
Nd5 Bxd5 18. exd5 b5 19. axb5 axb5 20. c4 bxc4 21. Rxc4 Qb7 22. Rb4 Qc7 23. Rc1 Qd8 24.
Rc6 O-O 25. Rbc4 Rb8 26. b4 Nb6 27. Rc1 Nd7 28. Be4 Nf4 29. Nxf4 exf4 30. Bxf4 Ne5 31. Bxe5 dxe5 32. R1c4 Bg5 33. Qd3 Ra8 34. d6 Ra1+ 35.
Kg2 Qf6 36. Rc8 Ra2 37. Bh7+ 1-0

[Event "Early-Titled-Tuesday-Blitz-June-18-2024"]
[Site "Chess.com"]
[Date "2024.06.18"]
[Round "11"]
[White "Angry_Twin"]
[Black "Evan_Attaker"]
[Result "0-1"]
[WhiteElo "2911"]
[BlackElo "2750"]
[TimeControl "180+1"]
[EndTime "10:06:59 PDT"]
[Termination "Evan_Attaker won by resignation"]

1. e4 d6 2. d4 Nf6 3. Nc3 g6 4. f4 Bg7 5. Nf3 O-O 6. Bd3 Na6 7. O-O c5 8. d5 Nc7 9. a3 b5 10. f5 a5 11. fxg6 hxg6 12. Re1 Ba6 13. Bg5 b4 14. Bxa6 bxc3 15. Bc4 cxb2 16. Rb1 Nd7 17. Qd3 Nb6 18.
c3 Nxc4 19. Qxc4 Rb8 20. Re2 Nb5 21. Rexb2 Nxa3 22. Rxb8 Qxb8 23. Rxb8 Nxc4 24. Rb7 Bxc3 25. Bxe7 Ra8 26. e5 Nxe5 27. Bxd6 Nxf3+ 28. gxf3 Bd4+ 29.
Kg2 a4 30. Bb8 a3 31. d6 a2 32. d7 Bf6 33. Be5 Bxe5 34. Ra7 a1=Q 0-1

[Event "Early-Titled-Tuesday-Blitz-June-18-2024"]
[Site "Chess.com"]
[Date "2024.06.18"]
[Round "11"]
[White "ellatambien"]
[Black "vladislavkovalev"]
[Result "1-0"]
[WhiteElo "2719"]
[BlackElo "2853"]
[TimeControl "180+1"]
[EndTime "10:07:00 PDT"]
[Termination "ellatambien won on time"]

1. Nf3 Nf6 2. g3 d5 3. c4 e6 4. Bg2 Be7 5. O-O O-O 6. d4 dxc4 7. Na3 Bxa3 8. bxa3 Nbd7 9. a4 a5 10. Ba3 Re8 11.
Qc2 Nb6 12. Bc5 Nfd5 13. Ne5 Bd7 14. Bxb6 Nxb6 15. Bxb7 Bxa4 16. Qc3 f6 17. Nxc4 Ra7 18. Nxa5 Nd5 19. Qc5 Nb6 20. Nc6 Bxc6 21. Bxc6 Rf8 22. a4 Qd6 23. a5 Qxc5 24. dxc5 Nd5 25. a6 Nb4 26. Bb7 Nxa6 27. Rxa6 Rxb7 28. Rxe6 Kf7 29. Re3 Re8 30. Rxe8 Kxe8 31. Rc1 Rb2 32. e3 Kd7 33. Rd1+ Kc6 34. Rd8 1-0

[Event "Early-Titled-Tuesday-Blitz-June-18-2024"]
[Site "Chess.com"]
[Date "2024.06.18"]
[Round "11"]
[White "Sanyura"]
[Black "chezzgirl04"]
[Result "1-0"]
[WhiteElo "2531"]
[BlackElo "2285"]
[TimeControl "180+1"]
[EndTime "10:07:03 PDT"]
[Termination "Sanyura won on time"]

1. Nf3 d5 2. e3 g6 3. c4 c6 4. d4 Bg7 5. Nc3 e6 6. Be2 Ne7 7. O-O O-O 8. b4 a5 9. b5 dxc4 10.
bxc6 Nbxc6 11. Bxc4 Nd5 12. Bxd5 exd5 13. Qb3 Ne7 14.
Ba3 Be6 15. Rab1 Re8 16. Qxb7 Nf5 17. Nb5 Rb8 18. Qc7 Bf8 19. Bxf8 Rxf8 20. Ne5 Qg5 21.
f4 Qh5 22. Qc3 Rfc8 23. Qd2 Qh4 24. a4 Qe7 25. Rfc1 Qf6 26. g3 Qg7 27. Kf2 f6 28. Nd3 Qh6 29. Kg1 Qf8 30. Rxc8 Rxc8 31. Nc5 Qe7 32. Re1 Bd7 33. Qxa5 Nxe3 34. Nxd7 Kg7 35. Nc5 Rxc5 36. dxc5 Qe4 37. Qd2 d4 38. Nxd4 1-0

[Event "Early-Titled-Tuesday-Blitz-June-18-2024"]
[Site "Chess.com"]
[Date "2024.06.18"]
[Round "11"]
[White "Fh2411"]
[Black "Anton_Demchenko"]
[Result "0-1"]
[WhiteElo "2575"]
[BlackElo "2956"]
[TimeControl "180+1"]
[EndTime "10:07:04 PDT"]
[Termination "Anton_Demchenko won by resignation"]

1. d4 Nf6 2. Nf3 d6 3. c4 Nc6 4.
Nc3 e5 5. dxe5 dxe5 6. Qxd8+ Kxd8 7. Bg5 Be6 8. O-O-O+ Kc8 9. Bxf6 gxf6 10. e3 Nb8 11.
Bd3 Nd7 12. Nh4 Nc5 13. Bf5 c6 14. Kc2 Kc7 15. b3 a5 16. Bxe6 fxe6 17. Nf3 Be7 18. Nd2 f5 19. e4 Rhg8 20. g3 Raf8 21. Rhf1 h5 22. exf5 exf5 23. Nf3 Bf6 24. Rfe1 Re8 25.
a3 e4 26. Nd4 Nd3 27. Nxf5 Nxe1+ 28. Rxe1 Bxc3 29. Kxc3 Rgf8 30. Nd4 Rxf2 31. h4 Kd6 32. b4 axb4+ 33. axb4 Ke5 34. Ra1 e3 35. Kd3 Rd2+ 36. Kxe3 Rxd4 37. Ra5+ b5 0-1

[Event "Early-Titled-Tuesday-Blitz-June-18-2024"]
[Site "Chess.com"]
[Date "2024.06.18"]
[Round "11"]
[White "Weifd"]
[Black "Chernov_Alexander_A"]
[Result "1-0"]
[WhiteElo "2374"]
[BlackElo "2291"]
[TimeControl "180+1"]
[EndTime "10:07:04 PDT"]
[Termination "Weifd won by resignation"]

1. e4 e5 2. Nf3 Nc6 3. Bc4 Bc5 4. c3 Qe7 5. O-O d6 6. d3 Nf6 7. Nbd2 a6 8. Re1 Ba7 9. Nf1 h6 10. Be3 O-O 11. h3 Kh8 12. Ng3 Bxe3 13. Rxe3 Na5 14. Bb3 Nxb3 15. axb3 Bd7 16. d4 Rad8 17.
Nh4 g6 18. Qe2 Kh7 19. Rf1 Ng8 20. Nf3 Bb5 21. c4 Bd7 22. dxe5 dxe5 23. Ne1 Be6 24. Nd3 f6 25. f4 exf4 26. Nxf4 Bf7 27. e5 Rfe8 28.
Re1 fxe5 29. Rxe5 Qf8 30. Qf3 c6 31. h4 Rxe5 32. Rxe5 Re8 33. Rxe8 Qxe8 34. h5 Qe5 35. hxg6+ Bxg6 36. Nxg6 Kxg6 37. Qg4+ Qg5 38. Qe6+ Qf6 39. Qxg8+ 1-0

[Event "Early-Titled-Tuesday-Blitz-June-18-2024"]
[Site "Chess.com"]
[Date "2024.06.18"]
[Round "11"]
[White "Qvalda"]
[Black "Meri-Arabidze"]
[Result "0-1"]
[WhiteElo "2466"]
[BlackElo "2664"]
[TimeControl "180+1"]
[EndTime "10:07:05 PDT"]
[Termination "Meri-Arabidze won on time"]

1. d4 Nf6 2. c4 e6 3. Bf4 Bb4+ 4. Nd2 O-O 5. a3 Bd6 6. Bxd6 cxd6 7. e3 b6 8. Bd3 Bb7 9. Ngf3 d5 10. O-O dxc4 11. Nxc4 d6 12. Rc1 Nc6 13. Qe2 Rc8 14. Rfd1 Qe7 15.
Ncd2 h6 16. Ba6 Bxa6 17. Qxa6 Rc7 18. h3 Rfc8 19. Qf1 d5 20. Rc2 Nxd4 21. Rxc7 Nxf3+ 22. Nxf3 Qxc7 23. Qa6 Ne4 24. Nd4 g6 25. f3 Nc5 26.
Qb5 Qd7 27. Rc1 Qxb5 28. Nxb5 a6 29. Nd4 Re8 30. b4 Na4 31. Rc7 e5 32. Nc6 Kf8 33. Ra7 Nb2 34. Rxa6 Nc4 35. Ra7 Nxe3 36. a4 d4 37. Kf2 Nc4 38. Ke2 Re6 39. b5 Rd6 40.
Kd3 Nb2+ 41. Kd2 d3 42. Nxe5 f6 43. Nxg6+ Ke8 44. Re7+ Kd8 0-1

[Event "Early-Titled-Tuesday-Blitz-June-18-2024"]
[Site "Chess.com"]
[Date "2024.06.18"]
[Round "11"]
[White "Korona_91"]
[Black "Nadtkins"]
[Result "1-0"]
[WhiteElo "2683"]
[BlackElo "2546"]
[TimeControl "180+1"]
[EndTime "10:07:07 PDT"]
[Termination "Korona_91 won by resignation"]

1. e4 c5 2. Nf3 e6 3. d4 cxd4 4. Nxd4 Nc6 5. Nc3 a6 6. f4 Nxd4 7. Qxd4 Ne7 8. Be3 Nc6 9. Qd2 b5 10. e5 Bb7 11. Bd3 d6 12. exd6 Bxd6 13. Ne4 Bb4 14. c3 Be7 15. O-O O-O 16. Nc5 Bxc5 17.
Bxc5 Re8 18. Rad1 Qd5 19. b4 Ne7 20. Qe2 Qc6 21. Rfe1 h5 22. Rd2 h4 23. Qh5 Nf5 24. Bxf5 exf5 25. Qxh4 Rxe1+ 26. Qxe1 Re8 27. Qg3 Qe4 28.
h3 Qe1+ 29. Qxe1 Rxe1+ 30. Kf2 Rc1 31. g4 Be4 32. Bd4 Kh7 33. g5 Kg6 34. Be5 Rc2 35.
Rxc2 Bxc2 36. h4 Bb1 37. a3 Kh5 38. Bxg7 Kxh4 39. Ke3 Kg4 40. Be5 Be4 41. Kd4 Bc2 42. Kc5 Kg3 43. Kb6 Bd3 44. Kxa6 Kf3 45. Ka5 Ke2 46.
a4 bxa4 47. Kxa4 Kd2 48. b5 Kc2 49. b6 Be4 50. Kb5 Kb3 51. Ka6 1-0

[Event "Early-Titled-Tuesday-Blitz-June-18-2024"]
[Site "Chess.com"]
[Date "2024.06.18"]
[Round "11"]
[White "Tol_Tol"]
[Black "FishThatRoared"]
[Result "1-0"]
[WhiteElo "2356"]
[BlackElo "2246"]
[TimeControl "180+1"]
[EndTime "10:07:10 PDT"]
[Termination "Tol_Tol won by resignation"]

1. d4 b6 2. c4 Bb7 3. Nc3 e6 4.
a3 f5 5. Nf3 Nf6 6. g3 Be7 7. Bg2 O-O 8. O-O Ne4 9. d5 Nxc3 10.
bxc3 Na6 11. Nd4 Nc5 12. Qc2 Qe8 13. Bf4 Bd6 14. Bxd6 cxd6 15. a4 Qe7 16. a5 Rab8 17. axb6 axb6 18. Rfd1 g6 19. dxe6 dxe6 20. Nb5 Bxg2 21.
Kxg2 Rfd8 22. Ra7 Rb7 23. Rda1 Rdb8 24. Qd1 Rd8 25. Rxb7 Qxb7+ 26. f3 d5 27. Ra7 Qb8 28. Qd4 e5 29. Qe3 dxc4 30. Rc7 Re8 31. Qh6 1-0

[Event "Early-Titled-Tuesday-Blitz-June-18-2024"]
[Site "Chess.com"]
[Date "2024.06.18"]
[Round "11"]
[White "Ati1517"]
[Black "yonaltimur"]
[Result "1-0"]
[WhiteElo "2053"]
[BlackElo "2283"]
[TimeControl "180+1"]
[EndTime "10:07:11 PDT"]
[Termination "Ati1517 won by checkmate"]

1. e4 c5 2. Nf3 d6 3. d4 cxd4 4. Nxd4 Nf6 5. Nc3 a6 6. Bc4 e6 7.
O-O Qc7 8. Bb3 Nbd7 9. f4 Nc5 10.
Re1 Be7 11. e5 dxe5 12. fxe5 Nfd7 13. Bf4 b5 14. Qg4 g6 15. Ne4 Nxe4 16. Rxe4 Bb7 17. Re3 Bc5 18. c3 O-O-O 19. Rd1 h5 20. Qe2 Nb6 21. Red3 Nd5 22. Bxd5 Rxd5 23. b4 Be7 24. Nb3 Rhd8 25. Rxd5 Rxd5 26. Rxd5 Bxd5 27. Qd3 g5 28. Bg3 h4 29. Bf2 Qxe5 30. Qh7 Bd6 31. Qg8+ Kd7 32.
Qxf7+ Be7 33. Nc5+ Kd6 34. Nb7+ Kd7 35. Nc5+ Kd6 36.
Nd3 Qxc3 37. Bc5+ Kc6 38. Qxe7 Qxd3 39. Qe8+ Kc7 40. Qe7+ Kc8 41. Qf8+ Kd7 42. Qd6+ Kc8 43. Qxa6+ Kd7 44. Qd6+ Kc8 45. Qf8+ Kd7 46. Qf7+ Kc6 47.
Qe8+ Kb7 48. Qd7+ Kb8 49. Bd6+ Ka8 50. Qc8+ Ka7 51. Bc5# 1-0

[Event "Early-Titled-Tuesday-Blitz-June-18-2024"]
[Site "Chess.com"]
[Date "2024.06.18"]
[Round "11"]
[White "AttilaTurzo"]
[Black "Korchmar_Vasiliy"]
[Result "1-0"]
[WhiteElo "2479"]
[BlackElo "2642"]
[TimeControl "180+1"]
[EndTime "10:07:12 PDT"]
[Termination "AttilaTurzo won by resignation"]

1. d4 Nf6 2. c4 g6 3. Nc3 d5 4. Nf3 Bg7 5. Qb3 dxc4 6. Qxc4 Be6 7. Qb5+ Nc6 8. Qxb7 Bd7 9. e4 Rb8 10. Qa6 Nb4 11.
Qe2 Bg4 12. Be3 Bxf3 13. gxf3 c5 14. O-O-O Qa5 15. a3 O-O 16. dxc5 Nxe4 17. Nxe4 Na2+ 18. Kb1 Qxa3 19. Bd4 Rfd8 20. Bxg7 Rxd1+ 21. Qxd1 Kxg7 22. Qd4+ Kg8 23. Bc4 Qa4 24. Bxf7+ Kxf7 25. Qxa4 1-0

[Event "Early-Titled-Tuesday-Blitz-June-18-2024"]
[Site "Chess.com"]
[Date "2024.06.18"]
[Round "11"]
[White "luckyswitchback"]
[Black "Alphafischer2019"]
[Result "1-0"]
[WhiteElo "2861"]
[BlackElo "2657"]
[TimeControl "180+1"]
[EndTime "10:07:13 PDT"]
[Termination "luckyswitchback won by resignation"]

1. e4 e6 2. d4 d5 3. Nd2 dxe4 4. Nxe4 Nd7 5. g3 b6 6. Bg2 Rb8 7. Ne2 Ngf6 8. Nxf6+ Nxf6 9. O-O Be7 10. c4 O-O 11.
Re1 c5 12. Bf4 Rb7 13. Bxb7 Bxb7 14. dxc5 Qc8 15. Nd4 Bxc5 16. Be5 Rd8 17. Bxf6 gxf6 18. Qg4+ Kf8 19. Rad1 Rxd4 20. Rxd4 Qc6 21. Kf1 f5 22.
Rd8+ Ke7 23. Qh4+ f6 24. Rd5 Qa4 25. Qxh7+ Ke8 26. Rxe6+ 1-0